 Dungeon Crawl Stone Soup version 0.13.0-7-g3df9ff1 (webtiles) character file.

24439 Kejsarherre the Severer (level 13, -5/73 HPs)
             Began as a Gargoyle Monk on Oct 16, 2013.
             Was a High Priest of Okawaru.
             Slain by a komodo dragon (9 damage)
             ... on Level 4 of the Lair of Beasts.
             The game lasted 00:48:23 (17062 turns).

Kejsarherre the Severer (Gargoyle Monk)            Turns: 17062, Time: 00:48:24

HP  -5/73        AC 30     Str 14      XL: 13   Next:  6%
MP  11/12        EV  9     Int 21      God: Okawaru [*****.]
Gold 977         SH  0     Dex 15      Spells:  0 memorised, 12 levels left

Res.Fire  : . . .   See Invis. : +   w - +0 orc battleaxe
Res.Cold  : + . .   Warding    : .   o - +0 chain mail
Life Prot.: + + .   Conserve   : .   (no shield)
Res.Poison: +       Res.Corr.  : .   D - +1 orc wizard hat
Res.Elec. : +       Clarity    : +   (no cloak)
Sust.Abil.: . .     Spirit.Shd : .   z - +1 pair of gloves {Dex+3}
Res.Mut.  : +       Stasis     : .   M - +2 pair of boots of the Forgotten Cities {rC+}
Res.Rott. : +       Flight     : .   S - amulet of resist mutation
Saprovore : . . .                    g - ring of see invisible
                                     r - ring of Yvinoiv {rN+ Int+4}

@: burdened, heroism, slow, somewhat resistant to hostile enchantments,
extremely unstealthy
A: large and strong wings, claws 1, fangs 1, horns 1, talons 2, clarity,
herbivore 1, life protection 1, electricity resistance, slow metabolism 1,
unbreathing, petrification resistance, AC +9, EV +2
a: Fly, Heroism, Finesse, Renounce Religion


You were on level 4 of the Lair of Beasts.
You worshipped Okawaru.
Okawaru was extremely pleased with you.
You were encumbered.
You were not hungry.

You visited 3 branches of the dungeon, and saw 17 of its levels.
You also visited: Sewer.

You collected 977 gold pieces.

Inventory:

Hand weapons
 d - a -1,+0 orcish battleaxe
 u - a +0,-1 orcish war axe
 v - a -2,-1 war axe
 w - a +0,+0 orcish battleaxe (weapon)
 B - a +1,-2 battleaxe
 T - a +0,+0 battleaxe
Armour
 o - a +0 chain mail (worn)
 z - a +1 pair of gloves of dexterity (worn)
 D - a +1 orcish wizard hat (worn)
 E - the +3 hat of Pondering {ponderous, MR+ MP+10 Int+5}
   (You took it off Gastronok on level 3 of the Lair of Beasts)

   It affects your intelligence (+5).
   It affects your resistance to hostile enchantments.
   It affects your magic capacity (+10).
 M - the +2 pair of boots of the Forgotten Cities (worn) {rC+}
   (You found it on level 9 of the Dungeon)

   It protects you from cold.
Magical devices
 c - a wand of cold (4)
 n - a wand of magic darts (11)
 p - a wand of disintegration (9)
 x - a wand of polymorph (9)
 O - a wand of flame (10)
 R - a wand of magic darts (6)
Comestibles
 b - 8 bread rations
 h - a meat ration
 q - a sausage
 s - a choko
 A - 14 strawberries
 F - 2 pears
 K - an apple
 P - 3 chunks of naga flesh
Scrolls
 a - 4 scrolls of teleportation
 e - a scroll of recharging
 f - 8 scrolls of remove curse
 j - 2 scrolls of fog
 k - 2 scrolls of enchant weapon III
 l - 3 scrolls of amnesia
 t - 6 scrolls of magic mapping
 y - 3 scrolls of enchant armour
 J - 3 scrolls of enchant weapon I
 L - a scroll of immolation
Jewellery
 g - a ring of see invisible (right hand)
 r - the ring of Yvinoiv (left hand) {rN+ Int+4}
   (You found it on level 5 of the Dungeon)

   [ring of intelligence]

   It affects your intelligence (+4).
   It protects you from negative energy.
 G - an uncursed ring of sustain abilities
 S - an amulet of resist mutation (around neck)
Potions
 i - 2 potions of brilliance
 m - 3 potions of restore abilities
 C - a potion of agility
 N - a potion of speed {unknown}
Books
 I - a book of the Tempests

   Spells                             Type                      Level
   Static Discharge                   Conjuration/Air              3
   Lightning Bolt                     Conjuration/Air              5
   Fireball                           Conjuration/Fire             5
   Tornado                            Air                          9
   Shatter                            Earth                        9
 Q - a Young Poisoner's Handbook

   Spells                             Type                      Level
   Sting                              Conjuration/Poison           1
   Cure Poison                        Poison                       2
   Mephitic Cloud                     Conjuration/Poison/Air       3
   Olgreb's Toxic Radiance            Poison                       4
   Venom Bolt                         Conjuration/Poison           5


   Skills:
 * Level 6.2(11.2) Fighting
 * Level 16.3(21.3) Axes
 * Level 10.0(15.0) Armour
 - Level 2.4(7.4) Dodging
 - Level 2.1(7.1) Stealth
 - Level 4.3(9.3) Unarmed Combat


You had 12 spell levels left.
You didn't know any spells.

Dungeon Overview and Level Annotations

Branches:
Dungeon (11/27)            Temple (1/1) D:4             Orc (0/4) D:9
   Lair (5/8) D:11          Snake (0/5) Lair:5
  Swamp: Lair:3-6    Shoals: Lair:3-6    Spider: Lair:3-6

Altars:
Ashenzari
Cheibriados
Elyvilon
Fedhas
Kikubaaqudgha
Makhleb
Nemelex Xobeh
Okawaru
Sif Muna
Trog
Vehumet
Xom
Yredelemnul
Zin
the Shining One

Shops:
D:6 *   D:11 [


Innate Abilities, Weirdness & Mutations

You are resistant to torment.
You are immune to poison.
Your stone body is very resilient (AC +9).
You have very sharp teeth.
You have razor-sharp toenails.
You resist negative energy.
You are resistant to electric shocks.
You have a slow metabolism.
You can survive without breathing.
You are immune to petrification.
Your wings are large and strong.
You have sharp fingernails.
You have a pair of small horns on your head.
You are surrounded by a mild repulsion field (EV +2).
You possess an exceptional clarity of mind.
You digest meat inefficiently.


Message History

The bush is lightly damaged.
The komodo dragon bites you.
* * * LOW HITPOINT WARNING * * *
You completely miss the komodo dragon.
The komodo dragon is heavily wounded.
You hit the bush but do no damage.
The bush is lightly damaged.
The komodo dragon bites you!
* * * LOW HITPOINT WARNING * * *
You slash the komodo dragon!
The komodo dragon is severely wounded.
You hit the bush but do no damage.
The bush is lightly damaged.
You hit the bush but do no damage.
The bush is lightly damaged.
You barely miss the komodo dragon.
You headbutt the komodo dragon, but do no damage.
The komodo dragon is severely wounded.
The komodo dragon bites you!
You die...

#...###########
##.............#
#......#####.#.# ####
#.....## ###.# .#f#
#......## #f.# ...#
##...[...# ##.## ...#
##......#### ##..# ...#
###.P........####..##
...###..........@l......#
.....#...#......P..##..##
...................##.##
..#..#...≈#..#.##.#####
.####..#≈≈≈..##...## ##
##..≈≈≈≈..####.f#
#.#.≈≈≈≈.≈≈≈##.##
#####≈.≈≈≈≈.≈≈≈##..#
.P###..≈≈≈≈.≈###...#


You could see a komodo dragon.

Vanquished Creatures
  Gastronok (Lair:3)
  Fannar (D:11)
  Josephine (D:11)
  The ghost of MirrMurr the Covert, a powerful SpEn of Ashenzari (D:11)
  3 hill giants
  Pikel (D:8)
  A black mamba (Lair:3)
  The ghost of nago the Conjurer, an experienced HECj (D:6)
  4 spiny frogs
  3 komodo dragons
  3 trolls
  A wyvern (D:10)
  3 basilisks
  A trapdoor spider (D:11)
  27 yaks
  Eustachio (D:8)
  A hill giant skeleton (D:10)
  A wraith (D:11)
  Edmund (D:5)
  2 manticores
  3 wolves (D:11)
  6 hippogriffs
  A necrophage (D:11)
  6 orc warriors
  4 porcupines
  4 nagas (Lair:5)
  A black bear (D:11)
  2 ice beasts
  3 phantoms
  6 ogres
  7 centaurs
  2 giant slugs
  A big kobold (D:9)
  A gnoll sergeant (D:10)
  Blork the orc (D:5)
  3 water moccasins
  9 giant frogs
  A manticore zombie (D:11)
  An agate snail (Lair:4)
  7 wights
  A yak zombie (D:10)
  13 killer bees
  The ghost of shugdite the Covered, a weakling MiFi (D:4)
  A yak skeleton (D:11)
  2 hippogriff skeletons
  2 jellyfish
  5 electric eels (D:11)
  A goliath beetle (D:11)
  11 crimson imps
  10 orc priests
  2 big fish (D:11)
  A giant frog zombie (D:8)
  A giant frog skeleton (D:11)
  3 iron imps (D:8)
  7 jellies
  19 orc wizards
  9 hounds
  3 iguanas
  3 worker ants
  3 scorpions
  A big kobold zombie (D:10)
  4 sheep (Lair:4)
  An ogre skeleton (D:9)
  A hound zombie (D:7)
  A soldier ant simulacrum (D:11)
  Terence (D:2)
  A hound skeleton (D:9)
  12 gnolls
  15 adders
  16 green rats
  A giant centipede (D:10)
  2 giant mites
  An inept feature mimic (Lair:1)
  7 worms
  An inept item mimic (D:7)
  2 white imps (D:8)
  2 grey rats
  5 giant eyeballs
  80 orcs
  19 bats
  6 giant cockroaches
  A gnoll skeleton (D:5)
  11 goblins
  15 hobgoblins
  20 jackals
  19 kobolds
  7 quokkas
  6 ball pythons
  A ball python zombie (D:4)
  7 giant geckos
  15 giant newts
  A giant newt zombie (D:5)
  3 giant spores
  2 kobold skeletons (D:4)
  An orc skeleton (D:10)
  17 rats
  A rat zombie (D:5)
  20 ballistomycetes
  3 fungi
  A plant (Lair:5)
555 creatures vanquished.

Vanquished Creatures (others)
  An ogre (D:8)
  An orc wizard (D:10)
  2 adders (D:8)
  2 orcs
  A bat (D:8)
  A giant spore (D:9)
  2 fungi
10 creatures vanquished.

Grand Total: 565 creatures vanquished

Notes
Turn   | Place    | Note
--------------------------------------------------------------
     0 | D:1      | Kejsarherre, the Gargoyle Monk, began the quest for the Orb.
     0 | D:1      | Reached XP level 1. HP: 12/12 MP: 0/0
   124 | D:1      | Reached XP level 2. HP: 15/17 MP: 1/1
   532 | D:2      | Reached skill level 1 in Axes
   535 | D:2      | Reached XP level 3. HP: 22/22 MP: 2/2
   745 | D:2      | Noticed Terence
  1096 | D:2      | Killed Terence
  1419 | D:3      | Reached XP level 4. HP: 28/28 MP: 3/3
  1436 | D:3      | Reached skill level 1 in Armour
  1971 | D:3      | Reached XP level 5. HP: 25/32 MP: 4/4
  2590 | D:4      | Noticed an ogre
  2814 | D:4      | Reached XP level 6. HP: 37/37 MP: 5/5
  3014 | D:4      | Noticed a phantom
  3045 | D:4      | Killed a phantom
  3223 | D:4      | Noticed shugdite's ghost (weakling MiFi)
  3246 | D:4      | Killed shugdite's ghost
  3398 | D:5      | Entered Level 5 of the Dungeon
  3511 | D:5      | Reached skill level 5 in Axes
  3511 | D:5      | Reached XP level 7. HP: 33/41 MP: 6/6
  3528 | D:5      | Noticed Edmund
  3575 | D:5      | Killed Edmund
  3602 | D:5      | Noticed Blork the orc
  3616 | D:5      | Killed Blork the orc
  3616 | D:5      | Reached skill level 6 in Axes
  3971 | D:5      | Reached XP level 8. HP: 30/47 MP: 7/7
  4008 | D:5      | HP: 2/47 [orc priest/divine providence (12)]
  4309 | D:5      | Got a vibrating marble ring
  4320 | D:5      | Found a glowing drain.
  4335 | Sewer    | Entered a sewer
  4336 | Sewer    | Identified the ring of Yvinoiv {rN+ Int+4} (You found it on level 5 of the Dungeon)
  4557 | Sewer    | Reached skill level 7 in Axes
  4557 | Sewer    | Reached skill level 5 in Armour
  4616 | D:5      | Found a burning altar of Makhleb.
  4771 | D:6      | Paralysed by a giant eyeball for 3 turns
  4775 | D:6      | Paralysed by a giant eyeball for 4 turns
  4855 | D:6      | Paralysed by a giant eyeball for 3 turns
  5043 | D:6      | Reached skill level 8 in Axes
  5331 | D:6      | Reached XP level 9. HP: 42/51 MP: 8/8
  5373 | D:6      | Noticed nago's ghost (experienced HECj)
  5394 | D:6      | Killed nago's ghost
  5394 | D:6      | Reached skill level 9 in Axes
  5579 | D:6      | Found Begaem's Serpentskin Sales.
  6027 | D:7      | Reached skill level 10 in Axes
  6322 | D:7      | Paralysed by a giant eyeball for 2 turns
  6506 | D:4      | Found a staircase to the Ecumenical Temple.
  6512 | Temple   | Entered the Ecumenical Temple
  6669 | Temple   | Became a worshipper of Warmaster Okawaru
  6669 | Temple   | Acquired Okawaru's first power
  7125 | D:8      | Paralysed by a giant eyeball for 4 turns
  7373 | D:8      | Reached XP level 10. HP: 53/56 MP: 9/9
  7383 | D:8      | Gained mutation: You have sharp fingernails. [potion of mutation]
  7383 | D:8      | Gained mutation: Your wings are large and strong. [potion of mutation]
  7383 | D:8      | Gained mutation: You digest meat inefficiently. [potion of mutation]
  7385 | D:8      | Gained mutation: You evolve. [potion of mutation]
  7389 | D:8      | Noticed Eustachio
  7567 | D:8      | Killed Eustachio
  7577 | D:8      | Reached skill level 11 in Axes
  7715 | D:8      | Noticed Pikel
  7744 | D:8      | Killed Pikel
  8489 | D:9      | Found a staircase to the Orcish Mines.
  8601 | D:8      | Reached skill level 12 in Axes
  9473 | D:9      | Got a pair of faintly glowing boots
  9477 | D:9      | Identified the +2 pair of boots of the Forgotten Cities {rC+} (You found it on level 9 of the Dungeon)
  9943 | D:9      | Noticed a hill giant
 10256 | D:9      | Killed a hill giant
 10256 | D:9      | Reached XP level 11. HP: 56/60 MP: 7/10
 10307 | D:10     | Entered Level 10 of the Dungeon
 10545 | D:10     | Reached skill level 13 in Axes
 11485 | D:11     | Found Aroigoc's Antique Armour Shoppe.
 11758 | D:11     | Gained mutation: You are surrounded by a mild repulsion field (EV +2). [potion of beneficial mutation]
 11834 | D:11     | Acquired Okawaru's second power
 12000 | D:11     | Noticed a hill giant
 12519 | D:11     | Reached skill level 14 in Axes
 12565 | D:11     | Found a staircase to the Lair.
 12586 | D:11     | Killed a hill giant
 12586 | D:11     | Received a gift from Okawaru
 12795 | D:11     | Noticed a hill giant
 12799 | D:11     | Noticed Fannar
 12831 | D:11     | Killed a hill giant
 12908 | D:11     | Killed Fannar
 12908 | D:11     | Reached XP level 12. HP: 66/66 MP: 11/11
 13057 | D:11     | Noticed Josephine
 13067 | D:11     | Killed Josephine
 13075 | D:11     | Noticed MirrMurr's ghost (powerful SpEn)
 13172 | D:11     | Killed MirrMurr's ghost
 13172 | D:11     | Reached skill level 15 in Axes
 13241 | D:11     | Gained mutation: You possess an exceptional clarity of mind. [evolution]
 13435 | Lair:1   | Entered Level 1 of the Lair of Beasts
 13444 | Lair:1   | Gained mutation: You have a pair of small horns on your head. [potion of beneficial mutation]
 13621 | Lair:1   | Found a labyrinth entrance.
 13627 | Lair:1   | the labyrinth entrance was a mimic.
 13717 | Lair:1   | Found an iron altar of Okawaru.
 13830 | Lair:1   | Noticed a dragon
 14250 | Lair:2   | Found a deep blue altar of Sif Muna.
 14763 | Lair:2   | Lost mutation: You evolve. [end of evolution]
 15500 | Lair:3   | Received a gift from Okawaru
 15500 | Lair:3   | Reached skill level 5 in Fighting
 15526 | Lair:3   | Reached skill level 16 in Axes
 15746 | Lair:3   | Noticed Gastronok
 15914 | Lair:3   | Killed Gastronok
 16145 | Lair:4   | Reached skill level 10 in Armour
 16145 | Lair:4   | Reached XP level 13. HP: 65/72 MP: 12/12
 17000 | Lair:5   | Found a staircase to the Snake Pit.
 17062 | Lair:4   | Slain by a komodo dragon

Action                   |  1- 3 |  4- 6 |  7- 9 | 10-12 | 13-15 || total
-------------------------+-------+-------+-------+-------+-------++-------
Melee: Unarmed           |    60 |       |       |     7 |       ||    67
       Hand axe          |   117 |   117 |       |       |       ||   234
       War axe           |       |   170 |   362 |     2 |       ||   534
       Battleaxe         |       |       |   216 |  1412 |    86 ||  1714
Invok: Heroism           |       |       |       |     9 |     1 ||    10
 Abil: Fly               |       |       |       |     5 |       ||     5
Evoke: Wand              |       |       |     4 |    17 |       ||    21
  Use: Potion            |       |     2 |     2 |    16 |     1 ||    21
       Scroll            |       |    14 |     9 |    14 |     3 ||    40
 Stab: Sleeping          |     1 |       |       |       |       ||     1
